 Dungeon Crawl Stone Soup version 0.27-a0-652-g2d5cf1dcd3 (webtiles) character file.

Game seed: 8245782946592278940

2 Dreamer the Insei (level 1, 0/13 HPs)
             Began as an Octopode Transmuter on Mar 16, 2021.
             Slain by an ooze (5 damage)
             ... on level 1 of the Dungeon.
             The game lasted 00:00:34 (59 turns).

Dreamer the Insei (Octopode Transmuter)               Turns: 59, Time: 00:00:35

Health: 0/13       AC:  1    Str:  9    XL:     1   Next: 40%
Magic:  3/3        EV: 13    Int: 15    God:
Gold:   0          SH:  0    Dex: 12    Spells: 3/4 levels left

rFire    . . .     SeeInvis .     - Unarmed
rCold    . . .     Faith    .   (no shield)
rNeg     . . .     Spirit   .   (helmet restricted)
rPois    .         Reflect  .   (no amulet)
rElec    .         Harm     .   (no ring)
rCorr    .         Rampage  .   (no ring)
Will     .....                  (no ring)
Stlth    ++........             (no ring)
HPRegen  0.04/turn              (no ring)
MPRegen  0.08/turn              (no ring)
                                (no ring)
                                (no ring)

@: no status effects
A: almost no armour, amphibious, 8 rings, camouflage 1, gelatinous body 1,
nimble swimmer 1, tentacles
a: no special abilities


You were on level 1 of the Dungeon.
You visited 1 branch of the dungeon, and saw 1 of its levels.

You aren't carrying anything.


   Skills:
 + Level 1.1 Fighting
 + Level 2.0 Dodging
 + Level 3.0 Unarmed Combat
 - Level 2.0 Spellcasting
 - Level 2.0 Transmutations


You had 3 spell levels left.
You knew the following spells:

 Your Spells              Type           Power      Damage    Failure   Level
a - Beastly Appendage     Tmut           14%        N/A       10%         1

Your spell library contained the following spells:

 Spells                   Type           Power      Damage    Failure   Level
 Wereblood                Tmut           7%         N/A       14%         2
 Spider Form              Tmut/Pois      2%         N/A       41%         3
 Ice Form                 Ice/Tmut       4%         N/A       82%         4
 Blade Hands              Tmut           3%         N/A       95%         5


Dungeon Overview and Level Annotations

Branches:
Dungeon (1/15)

Altars:


Innate Abilities, Weirdness & Mutations

You cannot wear most types of armour.
You are amphibious.
You can wear up to eight rings at the same time.
Your skin changes colour to match your surroundings (Stealth+).
Your rubbery body absorbs attacks. (AC +1, EV +1)
You are stealthy while swimming. (Stealth+)
You have tentacles for arms and can constrict up to eight enemies at once.


Message History

A dart slug comes into view.
Found 26 stones.
The dart slug enters a dispersal trap!
You blink.
The dart slug blinks!
The dart slug barely misses you.
You tentacle-slap the dart slug but do no damage.
You grab the dart slug. You constrict the dart slug.
The dart slug closely misses you.
You tentacle-slap the dart slug but do no damage.
The dart slug is lightly wounded.
You constrict the dart slug. You tentacle-slap the dart slug.
You squeeze the dart slug, but do no damage.
The dart slug is heavily wounded.
You constrict the dart slug. The dart slug bites you.
You tentacle-slap the dart slug but do no damage.
You squeeze the dart slug.
The dart slug is almost dead.
You constrict the dart slug.
You kill the dart slug!
HP restored.
A leopard gecko comes into view.
The leopard gecko hisses angrily.
An ooze comes into view.
The leopard gecko moves out of view.
The leopard gecko bites you.
You tentacle-slap the leopard gecko but do no damage.
Your grab misses the leopard gecko.
The leopard gecko completely misses you.
You closely miss the leopard gecko. You grab the leopard gecko.
You constrict the leopard gecko. The leopard gecko bites you.
You tentacle-slap the leopard gecko but do no damage.
The leopard gecko is lightly wounded.
You constrict the leopard gecko, but do no damage.
The leopard gecko misses you. The ooze barely misses you.
The leopard gecko bites you.
You tentacle-slap the leopard gecko.
You squeeze the leopard gecko, but do no damage.
The leopard gecko is moderately wounded.
You constrict the leopard gecko. The ooze hits you.
You die...

#.# #.# ### ... ..#
####### #.# #.# #.....#
#.# #.#
###.....#######.###.#
.......(..^.........#
.............†..###'###
##....@#########.....##
#.....Jl# ##.⌠...⌠.#
#...#...# #....8....
#.. #...# #...⌠...⌠..
#. #...# ............ #
#...# .8.8.#####.8
##### ..8..#.<.#..
.8.8.#+#'#.8
...........


You could see an ooze and a leopard gecko.

Vanquished Creatures
  A dart slug (D:1)
1 creature vanquished.

Notes
Turn   | Place    | Note
-------+----------+-------------------------------------------
     0 | D:1      | Dreamer the Octopode Transmuter began the quest for the
                  | Orb.
     0 | D:1      | Reached XP level 1. HP: 13/13 MP: 3/3
    59 | D:1      | Slain by an ooze

Illustrated notes

Levels and vault maps discovered:
D:1:      ncdulo_halloftheorcs, layout_basic

Action                   || total
-------------------------++-------
Melee: Unarmed           ||     8
       Tentacles         ||     3
       Constrict         ||     2
Dodge: Dodged            ||     5

Table legend: (Time is in decaauts)
 A = Elapsed time spent in this place.
 B = Non-inter-level travel time spent in this place.
 C = Inter-level travel time spent in this place.
 D = Time resting spent in this place.
 E = Time spent auto-exploring this place.
 F = Levels seen in this place.
 G = Mean time per level.
                   A        B        C        D        E       F      G
               +--------+--------+--------+--------+--------+-----+--------+
         Total |     58 |     58 |      0 |      0 |     43 |   1 |   58.0 |
       Dungeon |     58 |     58 |      0 |      0 |     43 |   1 |   58.0 |
               +--------+--------+--------+--------+--------+-----+--------+

Top non-repeatable levels by time:
     D:1: 58 daAuts
